[Event "Titled Tuesday Blitz November 29 Late 2022"]
[White "Steinberg, Nitzan"]
[Black "Mickiewicz, Piotr"]
[WhiteFideId "2801795"]
[BlackFideId "1114891"]
[WhiteElo "2491"]
[BlackElo "2246"]
[Result "1-0"]
[Round "02"]
[TimeControl "180+1"]
[Date "2022.11.30"]
[WhiteClock "0:01:49"]
[BlackClock "0:00:03"]

1. Nf3 Nf6 2. g3 g6 3. Bg2 Bg7 4. O-O O-O 5. d4 d6 6. c4 Nc6 7. Nc3 Bf5 8. b3 Ne4 9. Bb2 Nxc3 10. Bxc3 Be4 11. e3 e6 12. Rc1 d5 13. Nd2 Bxg2 14. Kxg2 a5 15. h4 Qd7 16. h5 Rfd8 17. Rh1 e5 18. dxe5 Nxe5 19. h6 Bf6 20. Bxe5 Bxe5 21. Nf3 Qe6 22. cxd5 Rxd5 23. Qc2 c6 24. Rhd1 Rad8 25. Rxd5 Qxd5 26. e4 Qd6 27. Qc4 Bf6 28. Rc2 Qf8 29. e5 Be7 30. Qf4 Rd5 31. Rd2 Qd8 32. Rxd5 Qxd5 33. Qg4 Qe6 34. Qxe6 fxe6 35. Nd4 Kf7 36. Nf3 Bf8 37. Ng5+ Ke7 38. Nxh7 Bxh6 39. f4 b5 40. Kf3 c5 41. Ke4 g5 42. fxg5 Bg7 43. Nf6 Kf7 44. Nh5 Bf8 45. Nf4 Bg7 46. g6+ Ke7 47. Nh5 Bh6 48. g4 c4 49. bxc4 b4 50. Kd3 a4 51. Kc2 Be3 52. Nf6 Kf8 53. c5 Bd4 54. c6 1-0


[Site "https://www.chess.com"]

[Event "Titled Tuesday Blitz November 29 Late 2022"]
[White "Svane, Frederik"]
[Black "Tworuszka, Michal"]
[WhiteFideId "12923044"]
[BlackFideId "1117858"]
[WhiteElo "2466"]
[BlackElo "2421"]
[Result "1-0"]
[Round "02"]
[TimeControl "180+1"]
[Date "2022.11.30"]
[WhiteClock "0:01:09"]
[BlackClock "0:00:05"]

1. e4 e5 2. Nf3 Nc6 3. Bb5 a6 4. Ba4 Nf6 5. O-O Be7 6. d3 d6 7. c3 O-O 8. Re1 b5 9. Bc2 Re8 10. Nbd2 Bf8 11. d4 g6 12. Nf1 exd4 13. cxd4 Bg4 14. Ng3 Bxf3 15. gxf3 Bg7 16. Be3 Nd7 17. f4 Nb4 18. Bb3 c5 19. dxc5 Nxc5 20. a3 Nbd3 21. Re2 Nxb2 22. Qd5 Nc4 23. Bxc4 bxc4 24. Rc1 c3 25. e5 Ne6 26. exd6 Qd7 27. f5 gxf5 28. Nxf5 Nf4 29. Bxf4 Rxe2 30. Qxa8+ Bf8 31. Qg2+ Kh8 32. Qd5 Qe6 33. Qxe6 fxe6 34. Ne3 1-0


[Site "https://www.chess.com"]

[Event "Titled Tuesday Blitz November 29 Late 2022"]
[White "Sztokbant, Bernardo Vainzoff"]
[Black "Rodriguez Santiago, Jaime"]
[WhiteFideId "2115956"]
[BlackFideId "3100898"]
[WhiteElo "2228"]
[BlackElo "2025"]
[Result "1-0"]
[Round "02"]
[TimeControl "180+1"]
[Date "2022.11.30"]
[WhiteClock "0:01:40"]
[BlackClock "0:01:26"]

1. e4 c6 2. d4 d5 3. Nd2 dxe4 4. Nxe4 Nf6 5. Nxf6+ exf6 6. Nf3 Bd6 7. Be2 O-O 8. O-O Re8 9. Be3 Nd7 10. Re1 Nf8 11. h3 Be6 12. c4 Qd7 13. Qd2 Rad8 14. Bf4 Ng6 15. Bxd6 Qxd6 16. Bf1 Bf5 17. Re3 Rxe3 18. Qxe3 Kf8 19. Re1 Bd7 20. Qb3 Qc7 21. Qa3+ Kg8 22. Qxa7 h6 23. Qc5 b6 24. Qb4 Bc8 25. Qc3 Nf4 26. Re3 b5 27. cxb5 Nd5 28. Qxc6 Qxc6 29. bxc6 Nxe3 30. fxe3 Bf5 31. b4 Be4 32. b5 Ra8 33. Bc4 Kf8 34. Nd2 Bf5 35. b6 1-0


[Site "https://www.chess.com"]

[Event "Titled Tuesday Blitz November 29 Late 2022"]
[White "Szyszylo, Rafal"]
[Black "Albornoz Cabrera, Carlos Daniel"]
[WhiteFideId "1109626"]
[BlackFideId "3518736"]
[WhiteElo "1981"]
[BlackElo "2497"]
[Result "0-1"]
[Round "02"]
[TimeControl "180+1"]
[Date "2022.11.30"]
[WhiteClock "0:00:02"]
[BlackClock "0:00:14"]

1. e4 c6 2. d4 d5 3. e5 Bf5 4. Nf3 e6 5. Be2 Nd7 6. O-O Ne7 7. h3 h5 8. Nbd2 Ng6 9. Nb3 f6 10. exf6 Qxf6 11. Bg5 Qf7 12. Re1 Bd6 13. Qd2 Be4 14. Nh4 Nxh4 15. Bxh4 Bf4 16. Qc3 g5 17. Bg3 Rg8 18. Bd3 Bxd3 19. Qxd3 O-O-O 20. Re2 Rg6 21. Rae1 h4 22. Bxf4 gxf4 23. Qf3 Rdg8 24. Kh1 Rxg2 25. Rxe6 Qf5 26. Re8+ Kc7 27. Rxg8 Rxg8 28. Re7 Qg5 29. Re1 b6 30. Nc1 Nf6 31. Nd3 Ne4 32. Qxf4+ Qxf4 33. Nxf4 Nxf2+ 34. Kh2 Ne4 35. Ng2 Rf8 36. Re2 Ng3 37. Re7+ Kd6 38. Rxa7 Rf2 39. Kg1 Rxc2 40. Nxh4 Rxb2 41. a4 Ne2+ 42. Kf1 Nxd4 43. a5 bxa5 44. Rxa5 c5 45. Ra6+ Ke5 46. Ng6+ Ke4 47. h4 c4 48. h5 c3 49. Ke1 Rb1+ 50. Kf2 c2 51. Rc6 Nxc6 52. h6 c1=Q 53. h7 Qg1+ 54. Ke2 Rb2# 0-1


[Site "https://www.chess.com"]

[Event "Titled Tuesday Blitz November 29 Late 2022"]
[White "Tan, Ralph"]
[Black "Chlpik, Martin"]
[WhiteFideId "30966590"]
[BlackFideId "14923351"]
[WhiteElo "2059"]
[BlackElo "2109"]
[Result "1-0"]
[Round "02"]
[TimeControl "180+1"]
[Date "2022.11.30"]
[WhiteClock "0:01:53"]
[BlackClock "0:02:16"]

1. Nf3 c5 2. g3 Nc6 3. c4 e5 4. Nc3 g6 5. Bg2 Bg7 6. O-O Nge7 7. d3 a6 8. Rb1 Rb8 9. a3 b5 10. cxb5 axb5 11. b4 c4 12. dxc4 bxc4 13. Bg5 d5 14. b5 Nd4 15. Nxd4 exd4 16. Bxe7 Qxe7 17. Nxd5 Qxa3 18. Nc7+ Kd8 19. Nd5 Be6 20. Ra1 Qd6 21. Ra6 Qe5 22. Nb4 Qxb5 23. Nc6+ Ke8 24. Nxb8 1-0


[Site "https://www.chess.com"]

[Event "Titled Tuesday Blitz November 29 Late 2022"]
[White "Tanenbaum, Zachary"]
[Black "Gatterer, Florian"]
[WhiteFideId "2060850"]
[BlackFideId "811688"]
[WhiteElo "2175"]
[BlackElo "2218"]
[Result "1/2-1/2"]
[Round "02"]
[TimeControl "180+1"]
[Date "2022.11.30"]
[WhiteClock "0:00:07"]
[BlackClock "0:00:11"]

1. e4 c6 2. d4 d5 3. exd5 cxd5 4. Bd3 Nf6 5. c3 Bg4 6. Qb3 Qc7 7. h3 Bd7 8. Ne2 e6 9. Bf4 Qc8 10. Nd2 Nc6 11. O-O Be7 12. Nf3 O-O 13. Qc2 g6 14. Ne5 Nxe5 15. dxe5 Nh5 16. Bh6 Re8 17. Nd4 Bf8 18. Qd2 Be7 19. f4 Ng7 20. g4 f5 21. Qg2 fxg4 22. Qxg4 Nf5 23. Bxf5 exf5 24. Qf3 Be6 25. Rad1 Rd8 26. Kh2 Qd7 27. Rg1 Kf7 28. Bg5 Rac8 29. Qf2 Bxg5 30. Rxg5 Rg8 31. Nxe6 Qxe6 32. Qxa7 Qc6 33. Qd4 Ra8 34. Qxd5+ Qxd5 35. Rxd5 Rgd8 36. Rb5 Rd7 37. a3 Ke6 38. Rb6+ Kd5 39. Rg2 Ke4 40. Rb4+ Kf3 41. Rg3+ Kf2 42. e6 Re7 43. Rb6 Ra6 44. Rxa6 bxa6 45. c4 Rxe6 46. Rc3 Re2 47. b4 h5 48. c5 h4 49. c6 Ke1+ 50. Kg1 Kd2 51. Rc5 Re1+ 52. Kg2 Re2+ 53. Kf3 Re3+ 54. Kf2 Re2+ 55. Kf1 Re1+ 56. Kg2 Re2+ 57. Kg1 1/2-1/2


[Site "https://www.chess.com"]

[Event "Titled Tuesday Blitz November 29 Late 2022"]
[White "Tisaj, Domen"]
[Black "chess50years"]
[WhiteFideId "14628708"]
[WhiteElo "2352"]
[BlackElo "2147"]
[Result "1-0"]
[Round "02"]
[TimeControl "180+1"]
[Date "2022.11.30"]
[WhiteClock "0:00:25"]
[BlackClock "0:00:06"]

1. e4 e6 2. d4 d5 3. Nd2 dxe4 4. Nxe4 Bd7 5. Nf3 Bc6 6. Bd3 Nd7 7. O-O Ngf6 8. Ng3 Be7 9. c3 O-O 10. Re1 Bd6 11. Ne5 Re8 12. Nxc6 bxc6 13. Bg5 h6 14. Bxf6 Nxf6 15. b4 Nd5 16. Bc2 g6 17. Qd3 Nf4 18. Qd2 Kg7 19. a3 h5 20. Ne4 Nd5 21. c4 Nf6 22. Nxf6 Qxf6 23. Be4 Rab8 24. Bxc6 Red8 25. Rad1 e5 26. d5 h4 27. c5 Bf8 28. Qe3 a5 29. bxa5 Rb2 30. a6 h3 31. gxh3 Rc2 32. d6 cxd6 33. a7 d5 34. Rxd5 Rxd5 35. Bxd5 Bxc5 36. Qxc5 Rxc5 37. a8=Q Qg5+ 38. Bg2 Rc2 39. Qe4 Qd2 40. Qxe5+ Kh7 41. Qe3 Qxe3 42. Rxe3 Ra2 43. Bd5 Kg7 44. Bxa2 1-0


[Site "https://www.chess.com"]

[Event "Titled Tuesday Blitz November 29 Late 2022"]
[White "Tomaszewski, Kacper"]
[Black "Todev, Simeon"]
[WhiteFideId "1127373"]
[BlackFideId "2925133"]
[WhiteElo "2211"]
[BlackElo "1938"]
[Result "1-0"]
[Round "02"]
[TimeControl "180+1"]
[Date "2022.11.30"]
[WhiteClock "0:02:25"]
[BlackClock "0:02:35"]

1. c4 c5 2. Nf3 Nc6 3. g3 e5 4. Nc3 Nf6 5. Bg2 d6 6. O-O g6 7. e3 Bg7 8. d4 O-O 9. dxc5 e4 10. Ng5 dxc5 11. Qxd8 Re8 12. Qd1 1-0


[Site "https://www.chess.com"]

[Event "Titled Tuesday Blitz November 29 Late 2022"]
[White "Torres Dominguez, David"]
[Black "Graif, William"]
[WhiteFideId "2220857"]
[BlackFideId "2609835"]
[WhiteElo "2037"]
[BlackElo "2205"]
[Result "0-1"]
[Round "02"]
[TimeControl "180+1"]
[Date "2022.11.30"]
[WhiteClock "0:00:06"]
[BlackClock "0:00:14"]

1. e4 e5 2. Bc4 Bc5 3. Nc3 d6 4. d3 a6 5. f4 Nc6 6. Nf3 Nf6 7. f5 Na5 8. Bb3 Nxb3 9. axb3 Ng4 10. Qe2 Bf2+ 11. Kf1 Ba7 12. h3 Nf6 13. g4 Bd7 14. Be3 Bxe3 15. Qxe3 Qe7 16. Kg2 Bc6 17. Nd2 d5 18. exd5 Nxd5 19. Nxd5 Bxd5+ 20. Ne4 h5 21. Kg3 b6 22. Raf1 f6 23. Rh2 O-O-O 24. Rfh1 g6 25. fxg6 Rdg8 26. Rf1 Rxg6 27. c4 Be6 28. Nf2 Qg7 29. Qe4 Kb8 30. Ra1 a5 31. b4 hxg4 0-1


[Site "https://www.chess.com"]

[Event "Titled Tuesday Blitz November 29 Late 2022"]
[White "Urazayev, Arystanbek"]
[Black "Sadovsky, Artem"]
[WhiteFideId "13709810"]
[BlackFideId "4155840"]
[WhiteElo "2441"]
[BlackElo "2312"]
[Result "1-0"]
[Round "02"]
[TimeControl "180+1"]
[Date "2022.11.30"]
[WhiteClock "0:00:52"]
[BlackClock "0:00:01"]

1. c4 g6 2. Nc3 Bg7 3. g3 d6 4. Bg2 e5 5. e3 f5 6. d4 e4 7. Nge2 Nf6 8. h4 Be6 9. Nf4 Bf7 10. b3 h6 11. Bb2 g5 12. Nfd5 Nxd5 13. Nxd5 c6 14. Nc3 d5 15. hxg5 hxg5 16. Rxh8+ Bxh8 17. Rc1 Bf6 18. Kf1 dxc4 19. g4 cxb3 20. gxf5 bxa2 21. Nxe4 Na6 22. Ba3 Be7 23. Qa4 Bd5 24. f6 Bxa3 25. Qxa3 Kf7 26. Nxg5+ Kxf6 27. e4 Kxg5 28. exd5 Qf8 29. Qg3+ Kh6 30. dxc6 Nb4 31. cxb7 Rb8 32. Be4 Qf6 33. Ke2 1-0


[Site "https://www.chess.com"]

[Event "Titled Tuesday Blitz November 29 Late 2022"]
[White "Urbina Perez, Juan Antonio"]
[Black "Battlecruiser_Operational"]
[WhiteFideId "2217368"]
[WhiteElo "2197"]
[BlackElo "2139"]
[Result "0-1"]
[Round "02"]
[TimeControl "180+1"]
[Date "2022.11.30"]
[WhiteClock "0:00:13"]
[BlackClock "0:00:09"]

1. e4 c6 2. Nf3 d5 3. d3 g6 4. e5 Bg7 5. d4 c5 6. c3 Nc6 7. h3 Nh6 8. Be2 O-O 9. O-O cxd4 10. cxd4 f6 11. exf6 exf6 12. Nc3 Re8 13. Bb5 Be6 14. Re1 Rc8 15. Bf4 a6 16. Bxc6 bxc6 17. Na4 Bf7 18. Nc5 a5 19. Qd2 Nf5 20. Rxe8+ Bxe8 21. Re1 Bf7 22. b3 Bf8 23. Rc1 g5 24. Bh2 h5 25. Nb7 Qb6 26. Nc5 Bh6 27. Qd3 Bg6 28. Qe2 Re8 29. Qf1 g4 30. hxg4 hxg4 31. Re1 gxf3 32. Rxe8+ Bxe8 33. gxf3 Nxd4 34. Qg2+ Kh7 35. Bd6 Nf5 36. Qh2 Qa7 37. Nd3 Qg7+ 38. Kf1 Bd7 39. Nf4 Nd4 40. Nh5 Qg6 41. Qh4 Qb1+ 42. Kg2 Qg6+ 43. Kh1 Nxf3 44. Nxf6+ Kg7 45. Nh5+ Kf7 46. Qe7+ Kg8 47. Nf6+ Kh8 48. Qd8+ Be8 49. Qe7 Qg1# 0-1


[Site "https://www.chess.com"]

[Event "Titled Tuesday Blitz November 29 Late 2022"]
[White "Vargas, Mauricio"]
[Black "Gonzalez, Francisco Silva"]
[WhiteFideId "4404572"]
[BlackFideId "1512285"]
[WhiteElo "2025"]
[BlackElo "2159"]
[Result "0-1"]
[Round "02"]
[TimeControl "180+1"]
[Date "2022.11.30"]
[WhiteClock "0:00:15"]
[BlackClock "0:02:28"]

1. e4 e5 2. Nf3 Nc6 3. Bc4 Bc5 4. d4 Bxd4 5. Nxd4 Nxd4 6. O-O d6 7. f4 Nf6 8. Nc3 c6 9. fxe5 dxe5 10. Bg5 Qe7 11. Ne2 Ne6 12. Bxe6 Bxe6 13. Bxf6 gxf6 14. Kh1 Bg4 15. h3 Bxe2 16. Qxe2 O-O-O 17. Rad1 h5 18. Qf3 Rxd1 19. Rxd1 Kc7 20. Rf1 Rh6 21. Qe3 Rg6 22. Qxa7 Qb4 0-1


[Site "https://www.chess.com"]

[Event "Titled Tuesday Blitz November 29 Late 2022"]
[White "Vargas Pereda, Jesus Manue"]
[Black "Poliakova, Varvara"]
[WhiteFideId "5115710"]
[BlackFideId "13518313"]
[WhiteElo "1950"]
[BlackElo "2099"]
[Result "0-1"]
[Round "02"]
[TimeControl "180+1"]
[Date "2022.11.30"]
[WhiteClock "0:00:11"]
[BlackClock "0:01:46"]

1. Nf3 f5 2. g3 d6 3. Bg2 Nf6 4. d3 g6 5. O-O Bg7 6. c4 O-O 7. Nc3 e5 8. e4 Nc6 9. Rb1 a5 10. b3 Nh5 11. Ne1 f4 12. Nd5 Nd4 13. Bb2 fxg3 14. hxg3 c6 15. Ne3 Qg5 16. N1c2 Nf4 17. Bxd4 exd4 18. gxf4 Rxf4 19. f3 dxe3 20. Nxe3 Bd4 21. Qe2 Rh4 22. Rf2 Bxe3 23. f4 Qg3 24. Rf1 Bg4 25. Qe1 Qh2# 0-1


[Site "https://www.chess.com"]

[Event "Titled Tuesday Blitz November 29 Late 2022"]
[White "Vasques, Antonio Pedro Freixial"]
[Black "Riehle, Marco"]
[WhiteFideId "1908332"]
[BlackFideId "12904392"]
[WhiteElo "2243"]
[BlackElo "2462"]
[Result "0-1"]
[Round "02"]
[TimeControl "180+1"]
[Date "2022.11.30"]
[WhiteClock "0:00:32"]
[BlackClock "0:01:48"]

1. e4 e5 2. Nf3 Nf6 3. Nxe5 Nxe4 4. Qe2 Qe7 5. Qxe4 d6 6. d4 dxe5 7. Qxe5 Qxe5+ 8. dxe5 Bf5 9. Bd3 Bxd3 10. cxd3 Nc6 11. f4 Nb4 12. Na3 Nxd3+ 13. Ke2 Nxc1+ 14. Raxc1 Bxa3 15. bxa3 O-O-O 16. Rhd1 Rde8 17. Kf3 Re6 18. Rc3 Rhe8 19. Rcd3 f6 20. exf6 Rxf6 21. Rd7 g5 22. g3 gxf4 23. gxf4 Rh6 24. Kg2 Rg8+ 25. Kh1 Ra6 26. Rxh7 Rxa3 27. Rd2 Rf3 28. h4 Rxf4 29. h5 b5 30. Rc2 Rh4+ 31. Rh2 Rc4 32. Rg2 Rh4+ 33. Kg1 Rxg2+ 34. Kxg2 Kb7 35. Kg3 Rh1 36. Rh8 c5 37. Kf4 Kb6 38. h6 Ka5 39. h7 Kb4 40. Ke5 c4 41. Kd4 c3 42. Kd3 a6 43. Kc2 Rh2+ 44. Kd3 Rh4 45. Kc2 a5 46. Kd3 Rh5 47. Kc2 Rh3 48. Kc1 Rh2 49. Kb1 a4 50. Kc1 Ka3 51. Rb8 Rxh7 52. Rxb5 Kxa2 53. Kc2 Rh3 54. Ra5 Ka3 55. Rb5 Rg3 56. Rb8 Ka2 57. Ra8 a3 58. Ra4 Rg8 59. Ra7 Rc8 60. Ra6 Rb8 61. Kxc3 Rc8+ 62. Kd2 Rb8 63. Kc2 Rb2+ 64. Kc3 Rb5 65. Kc2 Rc5+ 66. Kd2 Kb2 67. Rb6+ Ka1 68. Ra6 a2 69. Rb6 Rc8 70. Kd3 Rc1 71. Kd2 Rb1 72. Rc6 Kb2 73. Rb6+ Ka3 74. Ra6+ Kb3 75. Rb6+ Kc4 76. Ra6 a1=Q 0-1


[Site "https://www.chess.com"]

[Event "Titled Tuesday Blitz November 29 Late 2022"]
[White "Vysochin, Spartak"]
[Black "Gorodetzky, David"]
[WhiteFideId "14103516"]
[BlackFideId "2813416"]
[WhiteElo "2412"]
[BlackElo "2497"]
[Result "1-0"]
[Round "02"]
[TimeControl "180+1"]
[Date "2022.11.30"]
[WhiteClock "0:00:23"]
[BlackClock "0:00:05"]

1. e4 c6 2. d4 d5 3. exd5 cxd5 4. Bd3 Nc6 5. c3 g6 6. h3 Bg7 7. Nf3 Nf6 8. O-O Bf5 9. Be2 O-O 10. Bf4 Nd7 11. Nbd2 Re8 12. Qb3 Nb6 13. Bb5 a6 14. Bxc6 bxc6 15. Rfe1 a5 16. Re3 a4 17. Qd1 Qd7 18. Qe2 Qb7 19. Re1 Bf8 20. Ne5 f6 21. Nd3 Nd7 22. Bd6 Qb5 23. Ba3 e5 24. Bxf8 Nxf8 25. dxe5 fxe5 26. Nxe5 Qxb2 27. Nxc6 Rxe3 28. Qxe3 Qxa2 29. Ne7+ Kf7 30. Nxf5 gxf5 31. Nf3 d4 32. Nxd4 Qd5 33. Qg5 Ng6 34. Nxf5 Ra5 35. Re7+ Nxe7 36. Qxe7+ Kg6 37. Nh4+ Kh5 38. g4+ 1-0


[Site "https://www.chess.com"]

[Event "Titled Tuesday Blitz November 29 Late 2022"]
[White "Weisz, Bryan"]
[Black "Karas, Marek"]
[WhiteFideId "30934133"]
[BlackFideId "14928558"]
[WhiteElo "2274"]
[BlackElo "2220"]
[Result "1-0"]
[Round "02"]
[TimeControl "180+1"]
[Date "2022.11.30"]
[WhiteClock "0:00:05"]
[BlackClock "0:00:01"]

1. e4 e6 2. d4 d5 3. Nd2 Nc6 4. Ngf3 Nf6 5. e5 Nd7 6. Be2 f6 7. exf6 Qxf6 8. Nf1 Bd6 9. Ne3 O-O 10. O-O Qg6 11. c4 Nf6 12. c5 Be7 13. b4 a6 14. Bb2 Ne4 15. a4 Nxb4 16. Ne5 Qe8 17. Qb3 Nc6 18. Nxc6 bxc6 19. Bd3 Nf6 20. Qc2 Qh5 21. Rfe1 Bd7 22. Nf1 Ng4 23. f3 Nf6 24. Ng3 Qh4 25. Nf5 exf5 26. Rxe7 Rf7 27. Rae1 Re8 28. Rxe8+ Nxe8 29. Qe2 Kf8 30. g3 Qf6 31. Bxa6 f4 32. g4 h5 33. h3 Qh4 34. Qf2 Qxh3 35. Bf1 Qg3+ 36. Qxg3 fxg3 37. Be2 hxg4 38. fxg4 Nf6 39. a5 Bc8 40. a6 Bxa6 41. Bxa6 Nxg4 42. Rf1 Nf2 43. Bc3 Rf6 44. Kg2 Ng4 45. Rxf6+ Nxf6 46. Be1 Nh5 47. Bxg3 1-0


[Site "https://www.chess.com"]

[Event "Titled Tuesday Blitz November 29 Late 2022"]
[White "Wirig, Anthony"]
[Black "Melikyan, Gnel"]
[WhiteFideId "615013"]
[BlackFideId "54109990"]
[WhiteElo "2487"]
[BlackElo "2138"]
[Result "1-0"]
[Round "02"]
[TimeControl "180+1"]
[Date "2022.11.30"]
[WhiteClock "0:00:09"]
[BlackClock "0:00:04"]

1. d4 Nf6 2. Bg5 g6 3. Bxf6 exf6 4. e3 Bg7 5. h4 h5 6. c4 d6 7. Nc3 O-O 8. g3 c6 9. Bg2 Qb6 10. Qd2 Be6 11. b3 Nd7 12. Nge2 Rfe8 13. O-O Nf8 14. d5 Bd7 15. dxc6 Bxc6 16. Qxd6 Rad8 17. Qa3 Bxg2 18. Kxg2 f5 19. Rad1 a6 20. Rxd8 Rxd8 21. Nd5 Qe6 22. Qe7 Rd7 23. Qc5 Qe4+ 24. Kg1 Qc2 25. Nef4 Qxa2 26. b4 Kh7 27. Nh3 Ne6 28. Qc8 Rxd5 29. cxd5 Qxd5 30. Qe8 Qe5 31. Qxf7 Qf6 32. Qxe6 1-0


[Site "https://www.chess.com"]

[Event "Titled Tuesday Blitz November 29 Late 2022"]
[White "Yeritsyan, Hayk"]
[Black "Kourkoulos-Arditis, Stamatis"]
[WhiteFideId "13307320"]
[BlackFideId "4221990"]
[WhiteElo "2417"]
[BlackElo "2429"]
[Result "0-1"]
[Round "02"]
[TimeControl "180+1"]
[Date "2022.11.30"]
[WhiteClock "0:00:47"]
[BlackClock "0:00:07"]

1. d4 Nf6 2. Nf3 e6 3. e3 b6 4. Bd3 Bb7 5. Nbd2 d5 6. Ne5 Nbd7 7. f4 a6 8. Qf3 c5 9. c3 Be7 10. O-O Qc7 11. g4 g6 12. Qg2 h5 13. g5 Ng4 14. Nxg4 hxg4 15. Qxg4 O-O-O 16. Nf3 Rh7 17. h4 Rdh8 18. Bd2 Kb8 19. Be1 Rg8 20. Bg3 f5 21. gxf6 Nxf6 22. Qxe6 Ne4 23. Qh3 Bc8 24. Qg2 Bf5 25. Rad1 Ka7 26. Ng5 Bxg5 27. hxg5 Bh3 28. Qf3 Bxf1 29. Bxe4 dxe4 30. Qxf1 Rgh8 31. Qg2 Qd7 32. Qxe4 Qg4 33. Rd2 Qxg3+ 34. Qg2 Rh1# 0-1


[Site "https://www.chess.com"]

[Event "Titled Tuesday Blitz November 29 Late 2022"]
[White "Yuan, Qingyu"]
[Black "Forgacs, Attila Jr."]
[WhiteFideId "8609772"]
[BlackFideId "773654"]
[WhiteElo "2359"]
[BlackElo "2168"]
[Result "1-0"]
[Round "02"]
[TimeControl "180+1"]
[Date "2022.11.30"]
[WhiteClock "0:00:06"]
[BlackClock "0:00:03"]

1. e4 e5 2. Nf3 Nc6 3. Bb5 a6 4. Ba4 Nf6 5. O-O Be7 6. Re1 b5 7. Bb3 O-O 8. a4 b4 9. d4 d6 10. dxe5 Nxe5 11. Nbd2 Bb7 12. Qe2 a5 13. Nxe5 dxe5 14. Nc4 Nxe4 15. Nxe5 Bf6 16. Ng4 Bd4 17. Rb1 h5 18. Ne3 Qg5 19. Nd5 Qh4 20. Be3 Bxe3 21. Qxe3 Nf6 22. g3 Qh3 23. Nxf6+ gxf6 24. f3 Rfe8 25. Qf4 Kg7 26. Bc4 Rad8 27. Bf1 Qd7 28. b3 Rxe1 29. Rxe1 Qd4+ 30. Qxd4 Rxd4 31. Kf2 Rd2+ 32. Re2 Rxe2+ 33. Bxe2 f5 34. Ke3 c5 35. h4 Kf6 36. Kf4 Bd5 37. Bd3 Be6 38. Bb5 Bd5 39. Be2 Be6 40. Ke3 Bd5 41. Kf4 Be6 42. Bd3 Bd5 43. Ke3 Ke5 44. Be2 Kf6 45. f4 Be4 46. Bd3 Bd5 47. Be2 Be6 48. Bxh5 Bd5 49. Be2 Be4 50. Bd3 Bd5 51. Kf2 Be6 52. Kf3 Bd7 53. Ke3 Bc6 54. Bc4 Be4 55. Bd3 Bc6 56. Kd2 Bd5 57. Bc4 Be4 58. c3 Kg6 59. cxb4 cxb4 60. Ke3 Kh5 61. Kf2 f6 62. Kg1 Kg4 63. Kf2 Bc2 64. Be2+ Kh3 65. Bc4 Kg4 66. Bf7 Bd1 67. h5 Bxb3 68. Bxb3 Kxh5 69. Kg2 Kg4 70. Bd1# 1-0


[Site "https://www.chess.com"]

[Event "Titled Tuesday Blitz November 29 Late 2022"]
[White "Yurovskykh, Oleksandr"]
[Black "Mahdavi, Reza"]
[WhiteFideId "14134020"]
[BlackFideId "12595926"]
[WhiteElo "2265"]
[BlackElo "2240"]
[Result "0-1"]
[Round "02"]
[TimeControl "180+1"]
[Date "2022.11.30"]
[WhiteClock "0:00:04"]
[BlackClock "0:00:40"]

1. d4 Nf6 2. Nf3 e6 3. Bf4 b6 4. e3 Bb7 5. Bd3 Be7 6. h3 O-O 7. O-O c5 8. c3 d5 9. Nbd2 Nc6 10. Qe2 Re8 11. Rad1 a6 12. Rfe1 h6 13. dxc5 bxc5 14. e4 Qb6 15. b3 Rad8 16. exd5 exd5 17. Qf1 Qa5 18. c4 Nb4 19. Bb1 Nxa2 20. cxd5 Nc3 21. Nc4 Qb5 22. Rc1 Nxb1 23. Rxb1 Nxd5 24. Bg3 Bf8 25. Rxe8 Rxe8 26. Nd6 Bxd6 27. Bxd6 Qc6 28. Bg3 Qb6 29. Qc1 Nb4 30. Ne5 f6 31. Nc4 Qc6 32. f3 Re2 33. Qf4 Nd3 34. Qf5 Qd5 35. Qxd5+ Bxd5 36. Rd1 Bxc4 37. bxc4 Nb2 38. Rd6 a5 39. Rc6 a4 40. Rxc5 a3 41. Ra5 Nxc4 42. Ra8+ Kh7 43. Bf2 Rb2 44. Bd4 Rc2 45. Ra4 Kg6 46. Kh2 a2 47. Kg3 h5 48. h4 Kh6 49. Ba1 Ne3 50. Bd4 Rxg2+ 51. Kf4 Nd5+ 52. Kf5 Ne7+ 53. Ke6 Ng6 54. Kf7 Nxh4 55. Ra8 Kh7 56. Rg8 Nf5 57. Bc3 Nh6+ 0-1


[Site "https://www.chess.com"]

[Event "Titled Tuesday Blitz November 29 Late 2022"]
[White "Zajic, Milan"]
[Black "Miller, Luke C"]
[WhiteFideId "912336"]
[BlackFideId "2096935"]
[WhiteElo "2445"]
[BlackElo "2396"]
[Result "1-0"]
[Round "02"]
[TimeControl "180+1"]
[Date "2022.11.30"]
[WhiteClock "0:01:46"]
[BlackClock "0:00:51"]

1. e4 c5 2. Nf3 d6 3. d4 cxd4 4. Qxd4 Nf6 5. h3 Nc6 6. Qe3 g6 7. c4 Bg7 8. Nc3 O-O 9. Be2 e6 10. O-O Qc7 11. Rd1 a6 12. b3 Rd8 13. Bb2 Bd7 14. Rac1 Ne5 15. Nd4 Rac8 16. f4 Nc6 17. Nd5 exd5 18. cxd5 Re8 19. dxc6 bxc6 20. Bxa6 Ra8 21. Nb5 Qa5 22. Nxd6 Qxa6 23. Nxe8 Bxe8 24. a4 Nd5 25. exd5 Bxb2 26. Rc2 Bf6 27. dxc6 Rc8 28. c7 1-0


[Site "https://www.chess.com"]

[Event "Titled Tuesday Blitz November 29 Late 2022"]
[White "Zanette, Edgard Vinicius"]
[Black "Darini, Pouria"]
[WhiteFideId "2109263"]
[BlackFideId "12502200"]
[WhiteElo "2211"]
[BlackElo "2483"]
[Result "0-1"]
[Round "02"]
[TimeControl "180+1"]
[Date "2022.11.30"]
[WhiteClock "0:00:49"]
[BlackClock "0:01:40"]

1. e4 c5 2. Nc3 Nc6 3. f4 g6 4. Nf3 Bg7 5. Bb5 Nd4 6. O-O e6 7. Bd3 Ne7 8. Nxd4 cxd4 9. Ne2 O-O 10. Kh1 f5 11. c3 fxe4 12. Bxe4 d5 13. Bf3 d3 14. Nd4 Rxf4 15. g3 Rf7 16. Bg2 e5 17. Rxf7 Kxf7 18. Qf1+ Kg8 19. Nf3 e4 20. Ng5 Nf5 21. Nh3 g5 0-1


[Site "https://www.chess.com"]

[Event "Titled Tuesday Blitz November 29 Late 2022"]
[White "Zeman, Matyas"]
[Black "Wieczorek, Oskar"]
[WhiteFideId "364398"]
[BlackFideId "1133950"]
[WhiteElo "2254"]
[BlackElo "2404"]
[Result "1-0"]
[Round "02"]
[TimeControl "180+1"]
[Date "2022.11.30"]
[WhiteClock "0:00:16"]
[BlackClock "0:00:10"]

1. d4 Nf6 2. Nf3 g6 3. Nbd2 d5 4. e3 Bg7 5. b4 a5 6. b5 c5 7. bxc6 Nxc6 8. c3 a4 9. Ba3 Qa5 10. Rc1 O-O 11. Be2 b5 12. O-O Bf5 13. Ne5 Nxe5 14. dxe5 Nd7 15. Nf3 Nxe5 16. Nxe5 Bxe5 17. Qxd5 Bxc3 18. Qxb5 Be6 19. Qxa5 Bxa5 20. Bc4 Rfd8 21. Bxe6 fxe6 22. Bxe7 Rd2 23. a3 Ra7 24. Bc5 Rc7 25. Bd4 Rd3 26. Rxc7 Bxc7 27. Rc1 Bd6 28. g3 e5 29. Bc5 Bxc5 30. Rxc5 Rxa3 31. Rxe5 Rb3 32. Ra5 a3 33. Ra7 Kf8 34. Kg2 Ke8 35. Rxh7 a2 36. Ra7 Rb2 37. h4 Kd8 38. g4 Kc8 39. h5 Kb8 40. Ra3 gxh5 41. gxh5 Kc7 42. h6 Rb6 43. Rxa2 Rxh6 44. Rd2 Rg6+ 45. Kf3 Rf6+ 46. Ke2 Rg6 47. e4 Rf6 48. Ke3 Rf8 49. f4 Ra8 50. f5 Ra3+ 51. Kf4 Ra4 52. f6 Ra5 53. e5 Ra1 54. Kf5 Rb1 55. Ke6 Kb7 56. f7 Rd1 57. Rxd1 1-0


[Site "https://www.chess.com"]

[Event "Titled Tuesday Blitz November 29 Late 2022"]
[White "Abdrlauf, Elham"]
[Black "Bortnyk, Olexandr"]
[WhiteFideId "1533533"]
[BlackFideId "14120828"]
[WhiteElo "2785"]
[BlackElo "3056"]
[Result "1-0"]
[Round "03"]
[TimeControl "180+1"]
[Date "2022.11.30"]
[WhiteClock "0:00:34"]
[BlackClock "0:00:02"]

1. e4 Nf6 2. e5 Nd5 3. c4 Nb6 4. d4 d6 5. Nf3 Nc6 6. exd6 exd6 7. h3 Be7 8. Nc3 O-O 9. Be2 Bf5 10. O-O Bf6 11. Be3 d5 12. c5 Nc4 13. Bc1 b6 14. b3 N4a5 15. Ba3 a6 16. cxb6 Re8 17. bxc7 Qd7 18. Rc1 Bxh3 19. gxh3 Qxh3 20. Qd3 Nc4 21. Nxd5 Qg4+ 22. Kh1 Qh5+ 23. Nh2 Rxe2 24. Nxf6+ gxf6 25. Rxc4 Kh8 26. Rxc6 Rc8 27. Qf3 Qb5 28. Qxf6+ 1-0


[Site "https://www.chess.com"]